[Event "Rapidturnier Deutsche Meister"]
[Site "Leipzig"]
[Date "2020.10.03"]
[Round "4.4"]
[White "Paehtz, Thomas"]
[Black "Hecht, Hans-Joachim"]
[Result "1-0"]
[ECO "C00"]
[WhiteElo "2297"]
[BlackElo "2311"]
[Annotator "ChessBase"]
[PlyCount "130"]
[EventDate "2020.10.03"]
[EventType "swiss"]
[EventCountry "GER"]
[SourceTitle "playchess.com"]
[Source "ChessBase"]
[SourceQuality "1"]
[TimeControl "900+5"]

1. e4 e6 2. Nf3 d5 3. e5 c5 4. b4 b6 5. c3 Ne7 6. d4 Nf5 7. a3 a5 8. b5 a4 9. Bd3 Bd7 10. Nbd2 c4 11. Bxf5 exf5 12. Nf1 Be7 13. Ne3 Be6 14. h4 h5 15. g3 Qd7 16. Ng2 Qxb5 17. Bg5 Nc6 18. Bxe7 Nxe7 19. Rb1 Qc6 20. O-O b5 21. Nf4 g6 22. Ng5 Kd7 23. Re1 Rhf8 24. Re2 Kc7 25. Rb4 Rab8 26. Reb2 Rb6 27. Qe1 Rfb8 28. Qe3 Qd7 29. Rb1 Nc6 30. R4b2 Na5 31. Ngxe6+ fxe6 32. Nxg6 Nb3 33. Qh6 b4 34. axb4 a3 35. Ra2 Ra8 36. Re1 Rba6 37. Nf4 Qf7 38. Qxh5 Qxh5 39. Nxh5 Kc6 40. Nf4 Kb5 41. Kg2 Ka4 42. h5 Rb8 43. h6 Rh8 44. Rh1 Rh7 45. Ng6 Ra8 46. Nf4 Rah8 47. Nxe6 Rxh6 48. Rxh6 Rxh6 49. Nf4 Nc1 50. Ra1 Nd3 51. Nxd5 Kb3 52. b5 Kb2 53. Rxa3 Kxa3 54. b6 Kb3 55. b7 Rh8 56. e6 Ne1+ 57. Kf1 Nf3 58. Ke2 Ng5 59. e7 Ne4 60. Kf3 Nxc3 61. Nxc3 Kxc3 62. d5 Kb2 63. d6 c3 64. d7 c2 65. d8=Q c1=Q 1-0

[Event "Rapidturnier Deutsche Meister"]
[Site "Leipzig"]
[Date "2020.10.03"]
[Round "4.5"]
[White "Boensch, Uwe"]
[Black "Schoeneberg, Manfred"]
[Result "1-0"]
[ECO "E12"]
[WhiteElo "2508"]
[BlackElo "2133"]
[Annotator "ChessBase"]
[PlyCount "71"]
[EventDate "2020.10.03"]
[EventType "swiss"]
[EventCountry "GER"]
[SourceTitle "playchess.com"]
[Source "ChessBase"]
[SourceQuality "1"]
[TimeControl "900+5"]

1. d4 Nf6 2. c4 e6 3. Nf3 b6 4. a3 Bb7 5. Nc3 Be7 6. d5 exd5 7. cxd5 d6 8. e4 Nbd7 9. Bb5 O-O 10. Nd4 Nc5 11. f3 a6 12. Bc6 Bxc6 13. Nxc6 Qe8 14. O-O Nfd7 15. b4 Bf6 16. Bb2 Nb7 17. Qd2 Nd8 18. Rac1 b5 19. Na5 Nb6 20. Ne2 Bxb2 21. Qxb2 Rc8 22. Nd4 Qe5 23. Qd2 Re8 24. Rfe1 h6 25. Nf5 Qf6 26. Rc2 Re5 27. Ne3 Rg5 28. Kh1 Qf4 29. Nec4 Qxd2 30. Nxd2 Re5 31. Rec1 Kf8 32. Kg1 Re7 33. Nc6 Nxc6 34. Rxc6 f5 35. Rxb6 Rce8 36. Rbc6 1-0

[Event "Rapidturnier Deutsche Meister"]
[Site "Leipzig"]
[Date "2020.10.03"]
[Round "4.6"]
[White "Heinatz, Gundula"]
[Black "Seidemann, Ulricke"]
[Result "1/2-1/2"]
[WhiteElo "2197"]
[BlackElo "2043"]
[Annotator "ChessBase"]
[PlyCount "25"]
[EventDate "2020.10.03"]
[EventType "swiss"]
[EventCountry "GER"]
[SourceTitle "playchess.com"]
[Source "ChessBase"]
[SourceQuality "1"]
[TimeControl "900+5"]

1. d4 d5 2. Nf3 e6 3. Bf4 c5 4. e3 Bd6 5. Bg3 cxd4 6. exd4 Nf6 7. Nbd2 O-O 8. Bd3 Nc6 9. c3 Re8 10. Ne5 Qc7 11. f4 g6 12. O-O Nh5 13. Bh4 1/2-1/2

[Event "Rapidturnier Deutsche Meister"]
[Site "Leipzig"]
[Date "2020.10.03"]
[Round "4.7"]
[White "Goehler, Antje"]
[Black "Mai, Iris"]
[Result "1/2-1/2"]
[ECO "D45"]
[WhiteElo "2102"]
[BlackElo "2021"]
[Annotator "ChessBase"]
[PlyCount "38"]
[EventDate "2020.10.03"]
[EventType "swiss"]
[EventCountry "GER"]
[SourceTitle "playchess.com"]
[Source "ChessBase"]
[SourceQuality "1"]
[TimeControl "900+5"]

1. d4 Nf6 2. Nf3 e6 3. c4 d5 4. Nc3 c6 5. e3 Nbd7 6. Qc2 Be7 7. b3 O-O 8. Bb2 Re8 9. Bd3 Nf8 10. O-O h6 11. e4 dxe4 12. Nxe4 Nxe4 13. Bxe4 Bf6 14. Rad1 Qa5 15. Bc3 Qh5 16. Ne5 Bd7 17. Bf3 Qf5 18. Be4 Qh5 19. Bf3 Qf5 1/2-1/2

[Event "Rapidturnier Deutsche Meister"]
[Site "Leipzig"]
[Date "2020.10.03"]
[Round "4.8"]
[White "Burchardt, Brigitte"]
[Black "Just, Gabriele"]
[Result "1-0"]
[ECO "C04"]
[WhiteElo "2067"]
[BlackElo "1837"]
[Annotator "ChessBase"]
[PlyCount "133"]
[EventDate "2020.10.03"]
[EventType "swiss"]
[EventCountry "GER"]
[SourceTitle "playchess.com"]
[Source "ChessBase"]
[SourceQuality "1"]
[TimeControl "900+5"]

1. e4 e6 2. d4 d5 3. Nd2 Nc6 4. Ngf3 Nf6 5. e5 Nd7 6. c3 f6 7. exf6 Qxf6 8. Bb5 Bd6 9. Nf1 O-O 10. Bg5 Qf7 11. Qd2 e5 12. dxe5 Ncxe5 13. Nxe5 Nxe5 14. Ne3 c6 15. Ba4 Be6 16. O-O Qh5 17. f4 Ng4 18. Nxg4 Bxg4 19. Rae1 Rae8 20. h3 Bd7 21. Bd1 Qg6 22. Bc2 Qh5 23. Bd1 Qf7 24. Rxe8 Rxe8 25. Bc2 Bf5 26. Bxf5 Qxf5 27. Bh4 Qh5 28. Bg3 g5 29. Qd4 Re4 30. Qf6 Qg6 31. Qd8+ Re8 32. Qd7 Re7 33. Qc8+ Qe8 34. Qxe8+ Rxe8 35. h4 h6 36. hxg5 hxg5 37. Rf3 g4 38. Rf2 Re1+ 39. Kh2 Kf7 40. Rd2 Kf6 41. Bxe1 Bxf4+ 42. g3 Bxd2 43. Bxd2 Kf5 44. Be3 b6 45. b4 Ke4 46. Bd4 Kd3 47. a4 Kc4 48. Kg2 c5 49. bxc5 bxc5 50. Bf6 d4 51. cxd4 cxd4 52. Kf2 Kd3 53. a5 a6 54. Be5 Ke4 55. Bf4 Kd3 56. Ke1 Kc2 57. Bg5 Kd3 58. Kd1 Kc3 59. Ke2 Kc4 60. Kd2 Kb5 61. Bd8 Kc4 62. Bb6 d3 63. Bd8 Kd4 64. Bg5 Kc4 65. Bf6 Kb5 66. Bd8 Kc4 67. Bb6 1-0

[Event "Rapidturnier Deutsche Meister"]
[Site "Leipzig"]
[Date "2020.10.03"]
[Round "4.9"]
[White "Bastian, Herbert"]
[Black "Espig, Lutz"]
[Result "1-0"]
[ECO "A04"]
[WhiteElo "2269"]
[BlackElo "2256"]
[Annotator "ChessBase"]
[PlyCount "49"]
[EventDate "2020.10.03"]
[EventType "swiss"]
[EventCountry "GER"]
[SourceTitle "playchess.com"]
[Source "ChessBase"]
[SourceQuality "1"]
[TimeControl "900+5"]

1. e4 c5 2. Nc3 e6 3. g3 Nc6 4. Bg2 g6 5. Nf3 Bg7 6. O-O Nge7 7. d3 d6 8. Be3 Nd4 9. Qd2 O-O 10. Bh6 Nxf3+ 11. Bxf3 e5 12. Bxg7 Kxg7 13. Bg2 Be6 14. f4 Qd7 15. Rf2 exf4 16. Rxf4 f5 17. Raf1 fxe4 18. Nxe4 Rxf4 19. Qxf4 Nf5 20. g4 Nd4 21. Qf6+ Kg8 22. Ng5 Re8 23. c3 Ne2+ 24. Kh1 Qg7 25. Nxe6 1-0

[Event "Rapidturnier Deutsche Meister"]
[Site "Leipzig"]
[Date "2020.10.03"]
[Round "5.1"]
[White "Baumbach, Friedrich"]
[Black "Espig, Lutz"]
[Result "0-1"]
[ECO "A81"]
[WhiteElo "2127"]
[BlackElo "2256"]
[Annotator "ChessBase"]
[PlyCount "63"]
[EventDate "2020.10.03"]
[EventType "swiss"]
[EventCountry "GER"]
[SourceTitle "playchess.com"]
[Source "ChessBase"]
[SourceQuality "1"]
[TimeControl "900+5"]

1. d4 f5 2. Nf3 Nf6 3. g3 g6 4. Bg2 Bg7 5. O-O O-O 6. b3 c5 7. c4 Ne4 8. Bb2 Nc6 9. e3 d6 10. Qc2 e6 11. Nbd2 cxd4 12. Nxd4 Nxd4 13. Bxd4 Bxd4 14. exd4 d5 15. Rac1 Bd7 16. Nf3 Rc8 17. Ne5 Bc6 18. Rfd1 Ng5 19. Qe2 Nf7 20. Nxc6 bxc6 21. cxd5 exd5 22. Rc5 Qd7 23. Rdc1 Ng5 24. Qe3 Ne6 25. R5c2 Rfe8 26. Qd3 Rc7 27. Re2 Ng7 28. Re5 Rxe5 29. dxe5 Ne6 30. f4 Kg7 31. h3 Rb7 32. Qc3 0-1

[Event "Rapidturnier Deutsche Meister"]
[Site "Leipzig"]
[Date "2020.10.03"]
[Round "5.2"]
[White "Knaak, Rainer"]
[Black "Paehtz, Thomas"]
[Result "1-0"]
[ECO "A40"]
[WhiteElo "2476"]
[BlackElo "2297"]
[Annotator "ChessBase"]
[PlyCount "83"]
[EventDate "2020.10.03"]
[EventType "swiss"]
[EventCountry "GER"]
[SourceTitle "playchess.com"]
[Source "ChessBase"]
[SourceQuality "1"]
[TimeControl "900+5"]

1. d4 e6 2. c4 b6 3. e4 Bb7 4. Bd3 Nc6 5. Ne2 Nb4 6. O-O g6 7. a3 Nxd3 8. Qxd3 Bg7 9. Nbc3 Ne7 10. d5 f5 11. f3 O-O 12. Be3 a6 13. Rfd1 d6 14. dxe6 Nc6 15. f4 Qe8 16. exf5 gxf5 17. Nd5 Rc8 18. Nd4 Ne7 19. Nxe7+ Qxe7 20. Nxf5 Rxf5 21. Qxf5 Rf8 22. Qg4 Be4 23. Bd4 Bf5 24. Qxg7+ Qxg7 25. Bxg7 Kxg7 26. Re1 Kf6 27. e7 Re8 28. Re3 Be6 29. b3 Rxe7 30. Rae1 Re8 31. Kf2 h5 32. g3 c5 33. h3 b5 34. g4 Kf7 35. f5 Bd7 36. Rxe8 Bxe8 37. Kf3 Bc6+ 38. Kf4 d5 39. g5 dxc4 40. g6+ Kf8 41. bxc4 bxc4 42. Re5 1-0

[Event "Rapidturnier Deutsche Meister"]
[Site "Leipzig"]
[Date "2020.10.03"]
[Round "5.3"]
[White "Kunze, Kerstin"]
[Black "Heinatz, Gundula"]
[Result "1/2-1/2"]
[ECO "B31"]
[WhiteElo "2037"]
[BlackElo "2197"]
[Annotator "ChessBase"]
[PlyCount "25"]
[EventDate "2020.10.03"]
[EventType "swiss"]
[EventCountry "GER"]
[SourceTitle "playchess.com"]
[Source "ChessBase"]
[SourceQuality "1"]
[TimeControl "900+5"]

1. e4 c5 2. Nf3 Nc6 3. Bb5 g6 4. O-O Bg7 5. c3 e5 6. d3 Nge7 7. Be3 d6 8. d4 cxd4 9. cxd4 exd4 10. Bxd4 O-O 11. Bxg7 Kxg7 12. Nc3 a6 13. Be2 1/2-1/2

[Event "Rapidturnier Deutsche Meister"]
[Site "Leipzig"]
[Date "2020.10.03"]
[Round "5.4"]
[White "Hecht, Hans-Joachim"]
[Black "Boensch, Uwe"]
[Result "0-1"]
[ECO "D55"]
[WhiteElo "2311"]
[BlackElo "2508"]
[Annotator "ChessBase"]
[PlyCount "50"]
[EventDate "2020.10.03"]
[EventType "swiss"]
[EventCountry "GER"]
[SourceTitle "playchess.com"]
[Source "ChessBase"]
[SourceQuality "1"]
[TimeControl "900+5"]

1. d4 d5 2. c4 e6 3. Nc3 Nf6 4. Bg5 Be7 5. e3 h6 6. Bxf6 Bxf6 7. Nf3 c6 8. Rc1 O-O 9. h4 Nd7 10. g4 Be7 11. g5 h5 12. Nd2 g6 13. f4 dxc4 14. Nxc4 b5 15. Ne5 Nxe5 16. fxe5 c5 17. Bg2 Ba6 18. Ne4 Rc8 19. Nxc5 Bxc5 20. Rxc5 Rxc5 21. dxc5 Qa5+ 22. Kf2 Rd8 23. b4 Qxa2+ 24. Ke1 Qa5 25. Qd5 Qc7 0-1

[Event "Rapidturnier Deutsche Meister"]
[Site "Leipzig"]
[Date "2020.10.03"]
[Round "5.5"]
[White "Seidemann, Ulricke"]
[Black "Wagner-Michel, Annett"]
[Result "1-0"]
[ECO "A55"]
[WhiteElo "2043"]
[BlackElo "2011"]
[Annotator "ChessBase"]
[PlyCount "67"]
[EventDate "2020.10.03"]
[EventType "swiss"]
[EventCountry "GER"]
[SourceTitle "playchess.com"]
[Source "ChessBase"]
[SourceQuality "1"]
[TimeControl "900+5"]

1. c4 e5 2. e4 Nf6 3. Nc3 c6 4. Nf3 d6 5. d4 Qc7 6. Be2 Be7 7. O-O O-O 8. b3 Nbd7 9. Bb2 a6 10. Rc1 Re8 11. dxe5 dxe5 12. Qc2 Nf8 13. Na4 Ng6 14. c5 Be6 15. Bc4 Bxc4 16. Qxc4 Rad8 17. Rfd1 Bf8 18. h3 h6 19. b4 a5 20. a3 axb4 21. axb4 Qe7 22. Qc3 Nxe4 23. Qe1 f5 24. Nb6 Qe6 25. Rxd8 Rxd8 26. Nc4 Re8 27. Nfxe5 Nxe5 28. Nxe5 Qb3 29. Bd4 Be7 30. f3 Qd5 31. Ba1 Nf6 32. Rd1 Qa2 33. Qf2 Nd5 34. Qxa2 1-0

[Event "Rapidturnier Deutsche Meister"]
[Site "Leipzig"]
[Date "2020.10.03"]
[Round "5.6"]
[White "Burchardt, Brigitte"]
[Black "Goehler, Antje"]
[Result "1/2-1/2"]
[ECO "B50"]
[WhiteElo "2067"]
[BlackElo "2102"]
[Annotator "ChessBase"]
[PlyCount "32"]
[EventDate "2020.10.03"]
[EventType "swiss"]
[EventCountry "GER"]
[SourceTitle "playchess.com"]
[Source "ChessBase"]
[SourceQuality "1"]
[TimeControl "900+5"]

1. e4 c5 2. b3 d6 3. Bb2 e6 4. Nf3 Nf6 5. Nc3 a6 6. a4 Be7 7. g3 Qc7 8. Bg2 O-O 9. O-O Nc6 10. d3 Rd8 11. d4 cxd4 12. Nxd4 Bd7 13. Kh1 Rac8 14. Rc1 Nxd4 15. Qxd4 Qc5 16. Ne2 Qxd4 1/2-1/2

[Event "Rapidturnier Deutsche Meister"]
[Site "Leipzig"]
[Date "2020.10.03"]
[Round "5.8"]
[White "Mai, Iris"]
[Black "Just, Gabriele"]
[Result "1-0"]
[ECO "A85"]
[WhiteElo "2021"]
[BlackElo "1837"]
[Annotator "ChessBase"]
[PlyCount "83"]
[EventDate "2020.10.03"]
[EventType "swiss"]
[EventCountry "GER"]
[SourceTitle "playchess.com"]
[Source "ChessBase"]
[SourceQuality "1"]
[TimeControl "900+5"]

1. d4 e6 2. c4 f5 3. Nc3 Nf6 4. Nf3 Bb4 5. Qb3 a5 6. a3 Bxc3+ 7. Qxc3 d6 8. b3 O-O 9. e3 Qe8 10. Bb2 Nbd7 11. g3 Ne4 12. Qc2 Qh5 13. Bg2 Re8 14. Rd1 Ndf6 15. h3 Bd7 16. Nd2 Bc6 17. Nxe4 Bxe4 18. Bxe4 Nxe4 19. Qe2 Qh6 20. Qf3 c6 21. Qf4 g5 22. Qf3 Re7 23. d5 Rf8 24. dxe6 Rxe6 25. h4 f4 26. hxg5 Nxg5 27. Qg2 Qg6 28. gxf4 Rxf4 29. Rg1 h6 30. Kd2 Qe4 31. Qxe4 Rfxe4 32. f4 Rxe3 33. fxg5 Re2+ 34. Kc1 h5 35. g6 Rf2 36. Rde1 Ree2 37. Rxe2 Rxe2 38. g7 h4 39. Rf1 Re8 40. Rf4 Re1+ 41. Kd2 Rg1 42. Rxh4 1-0